 Dungeon Crawl Stone Soup version 0.21.0-24-g2553a33 (webtiles) character file.

20 tidbits the Fighter (level 2, 0/49 HPs)
             Began as a Gnoll Wanderer on Jan 19, 2018.
             Slain by an adder (3 damage)
             ... on level 2 of the Dungeon.
             The game lasted 00:01:31 (162 turns).

tidbits the Fighter (Gnoll Wanderer)                 Turns: 162, Time: 00:01:31

Health: 0/49       AC: 21    Str: 13    XL:     2   Next: 79%
Magic:  3/3        EV:  2    Int: 15    God:
Gold:   0          SH:  0    Dex: 14    Spells: 2/2 levels left

rFire    . . .     SeeInvis .   a - +2 quarterstaff
rCold    . . .     Gourm    .   (shield currently unavailable)
rNeg     + + +     Faith    .   (armour currently unavailable)
rPois    +         Spirit   .   (helmet currently unavailable)
rElec    .         Reflect  .   (cloak currently unavailable)
rCorr    .         Harm     .   (gloves currently unavailable)
MR       .....     NoTele   +   (boots currently unavailable)
Stlth    +++.......             g - amulet of rage
HPRegen  0.16/turn              (no ring)
MPRegen  0.08/turn              (no ring)

@: lethally poisoned (0 -> -3), tree-form, berserk cooldown, slowed, very slow
A: distributed training, strong nose
a: Evoke Berserk Rage


You were on level 2 of the Dungeon.
You were not hungry.
You were a tree.
You visited 1 branch of the dungeon, and saw 2 of its levels.

Inventory:

Hand Weapons
 a - a +2 quarterstaff (weapon)
 d - a +0 dagger
 h - a cursed -1 dagger
Missiles
 i - 20 stones (quivered)
Armour
 c - a +0 robe (melded)
Jewellery
 g - an amulet of rage (around neck)
   (You found it on level 1 of the Dungeon)
Scrolls
 e - a scroll of teleportation {unknown}
Potions
 b - a potion of lignification
Comestibles
 f - a ration


   Skills:
 + Level 8.5 Fighting
 + Level 0.5 Short Blades
 + Level 0.5 Long Blades
 + Level 0.5 Axes
 + Level 0.5 Maces & Flails
 + Level 0.5 Polearms
 + Level 6.5 Staves
 + Level 0.5 Slings
 + Level 0.5 Bows
 + Level 0.5 Crossbows
 + Level 0.5 Throwing
 + Level 0.5 Armour
 + Level 0.5 Dodging
 + Level 4.1 Stealth
 + Level 0.5 Shields
 + Level 0.5 Unarmed Combat
 + Level 0.5 Spellcasting
 + Level 0.3 Conjurations
 + Level 0.3 Hexes
 + Level 0.3 Charms
 + Level 0.3 Summonings
 + Level 0.3 Necromancy
 + Level 0.3 Translocations
 + Level 0.3 Transmutations
 + Level 0.3 Fire Magic
 + Level 0.3 Ice Magic
 + Level 0.3 Air Magic
 + Level 0.3 Earth Magic
 + Level 0.3 Poison Magic
 + Level 0.6 Invocations
 + Level 2.5 Evocations


You had 2 spell levels left.
You didn't know any spells.

Dungeon Overview and Level Annotations

Branches:
Dungeon (2/15)

Altars:


Innate Abilities, Weirdness & Mutations

Your experience applies equally to all skills.
((You have very sharp teeth.))
Your uncanny sense of smell can sniff out nearby items.


Message History

You feel a strong urge to attack something.
You are no longer berserk.
You pass out from exhaustion.
You feel yourself slow down. The hobgoblin barely misses you.
You can move again.
You climb upwards.
There is a stone staircase leading down here.
There is an open door here.
You see here a robe.
You open the door.
You see here a robe.
There is an open door here.
Things that are here:
a short sword; a kobold corpse A kobold comes into view.
It is wielding a dagger.
You feel yourself speed up.
The helpless kobold fails to defend itself.
You sock the kobold!
You kill the kobold!
You see here a dagger.
You recover from your berserk rage.
Things that are here:
a short sword; a kobold corpse
There is an open door here.
There is a stone staircase leading down here.
You climb downwards.
The hobgoblin completely misses you.
There is a stone staircase leading up, spattered with blood here.
Unknown command.
A red film seems to cover your vision as you go berserk!
You feel yourself moving faster!
You feel mighty!
You feel a lot more hungry. The hobgoblin misses you.
The adder barely misses you.
You barely miss the adder. The adder barely misses you.
You sock the adder!
The adder is almost dead.
The hobgoblin hits you.
You barely miss the adder.
The adder is almost dead.
The adder completely misses you. The hobgoblin hits you.
You sock the adder!
You kill the adder!
You closely miss the goblin. The hobgoblin hits you.
The goblin hits you but does no damage.
You barely miss the goblin. You bite the goblin.
You kill the goblin!
The hobgoblin hits you.
You bludgeon the hobgoblin!!
You kill the hobgoblin!
Items here: ( )) †††
h - an enchanted dagger;
i - 21 stones You feel a strong urge to attack something.
You are no longer berserk.
You are exhausted.
You feel yourself slow down.
You see here a leopard gecko corpse.
An adder comes into view.
The adder hisses angrily.
Throwing (i - inventory):
i - 21 stones (quivered)
Press: ? - help, Shift-Dir - straight line, f - adder
Aim: an adder You throw a stone.
The stone hits the adder but does no damage.
A rat comes into view.
You hit the adder.
The adder is moderately wounded.
The adder bites you. The adder barely misses you.
You closely miss the adder.
The adder is moderately wounded.
The adder barely misses you. The adder bites you but does no damage.
You hit the adder.
The adder is heavily wounded.
The adder bites you. The adder misses you.
You hit the adder.
The adder is severely wounded.
The adder bites you.
You are poisoned.
The adder poisons you! The rat barely misses you. The adder bites you.
* * * LOW HITPOINT WARNING * * *
You hit the adder.
The adder is almost dead.
You feel sick. The adder bites you.
* * * LOW HITPOINT WARNING * * *
The rat bites you.
* * * LOW HITPOINT WARNING * * *
You closely miss the adder. Your bite misses the adder.
The adder is almost dead.
You feel sick. The adder closely misses you. The rat bites you.
* * * LOW HITPOINT WARNING * * *
The adder misses you. The rat bites you.
* * * LOW HITPOINT WARNING * * *
You turn into a tree.
Your +0 robe melds into your body.
Your roots penetrate the ground.
You feel sick. The adder bites you but does no damage. The adder bites you.
* * * LOW HITPOINT WARNING * * *
The rat bites you but does no damage.
You barely miss the adder.
The adder is almost dead.
The adder barely misses you. The rat bites you but does no damage.
The adder bites you.
You die...

############
#..........#
#..........#
#..........# ..
#..........# ...
##.........[##....
.........r...(....
#......♣S..#####
+................
#...........#####
#......†#.#.#
#.####)##.#.# #
#†<#.#.# ####.# #
#.# .#


You could see an adder and a rat.

Vanquished Creatures
  An adder (D:2)
  2 leopard geckos (D:2)
  A goblin (D:2)
  2 hobgoblins (D:2)
  A quokka (D:2)
  2 kobolds (D:1)
9 creatures vanquished.

Notes
Turn   | Place    | Note
-------+----------+-------------------------------------------
     0 | D:1      | tidbits the Gnoll Wanderer began the quest for the Orb.
     0 | D:1      | tidbits set off with: a +2 quarterstaff, 2 potions of lignification, a +0 robe, a +0 dagger, a ration
     0 | D:1      | Reached XP level 1. HP: 26/26 MP: 2/2
    71 | D:2      | Reached XP level 2. HP: 33/33 MP: 3/3
   161 | D:2      | HP: 2/49 [adder (3)]
   162 | D:2      | Slain by an adder

Action                   || total
-------------------------++-------
Melee: Quarterstaff      ||    26
       Bite              ||     1
Throw: Stone             ||     1
 Abil: Evoke Berserk Rag ||     2
  Use: Potion            ||     1
 Stab: Sleeping          ||     2
Armor: Robe              ||     3
       Skin              ||     3
Dodge: Dodged            ||    15

Table legend:
 A = Turns spent in this place as a percentage of turns spent in the entire game.
 B = Non-inter-level travel turns spent in this place as a percentage of non-inter-level travel turns spent in the entire game.
 C = Inter-level travel turns spent in this place as a percentage of turns spent in this place.
 D = Turns resting spent in this place as a percentage of non-inter-level travel turns spent in this place.
 E = Turns spent auto-exploring this place as a percentage of non-inter-level travel turns spent in this place.
 F = Non-inter-level travel turns spent in this place divided by the number of levels of this place that you've seen.
                   A       B       C       D       E      F
               +-------+-------+-------+-------+-------+----------------------
         Total | 100.0 | 100.0 |   9.3 |   0.0 |   0.0 |  73.5
       Dungeon | 100.0 | 100.0 |   9.3 |   0.0 |   0.0 |  73.5
               +-------+-------+-------+-------+-------+----------------------

Table legend:
 A = Kills in this place as a percentage of kills in entire the game.
 B = Kills by you in this place as a percentage of kills by you in the entire game.
 C = Kills by friends in this place as a percentage of kills by friends in the entire game.
 D = Other kills in this place as a percentage of other kills in the entire game.
 E = Experience gained in this place as a percentage of experience gained in the entire game.
 F = Experience gained in this place divided by the number of levels of this place that you have seen.
                   A       B       C       D       E      F
               +-------+-------+-------+-------+-------+----------------------
         Total | 100.0 | 100.0 |   N/A |   N/A | 100.0 |  14.5
       Dungeon | 100.0 | 100.0 |   N/A |   N/A | 100.0 |  14.5
               +-------+-------+-------+-------+-------+----------------------

Vault maps used:
D:1:      enne_arrival_octagon_isle, kennysheep_decorative_pillar,
          hangedman_decor_growths
D:2:      uniq_natasha
